 Dungeon Crawl Stone Soup version 0.28-a0-533-g9f97627e2a (webtiles) character file.

Game seed: 1228012018293520901

765 speeev33 the Covered (level 7, -5/46 HPs)
             Began as a Gargoyle Fighter on Sept 25, 2021.
             Killed from afar by Dowan (8 damage)
             ... with a stone arrow
             ... on level 4 of the Dungeon.
             The game lasted 00:04:28 (5016 turns).

speeev33 the Covered (Gargoyle Fighter)             Turns: 5016, Time: 00:04:29

Health: -5/46      AC: 16    Str: 21    XL:     7   Next: 81%
Magic:  7/7        EV:  8    Int:  9    God:
Gold:   97         SH:  4    Dex:  9    Spells: 6/6 levels left

rFire   . . .      SeeInvis .   a - +1 flail
rCold   . . .      Faith    .   c - +0 buckler
rNeg    + . .      Spirit   .   i - +0 chain mail
rPois   ∞          Reflect  .   e - +0 helmet
rElec   +          Harm     .   (no cloak)
rCorr   .          Rampage  .   (no gloves)
Will    .....                   (no boots)
Stlth   ..........              (no amulet)
HPRegen 0.15/turn               (no ring)
MPRegen 0.10/turn               (no ring)

@: lit by a corona, glowing
A: sickness immunity, AC +4, negative energy resistance 1, electricity
resistance, torment resistance 1, petrification resistance
a: no special abilities


You were on level 4 of the Dungeon.
You visited 1 branch of the dungeon, and saw 4 of its levels.

You collected 97 gold pieces.

Inventory:

Hand Weapons
 a - a +1 flail (weapon)
Missiles
 f - a throwing net (quivered)
Armour
 c - a +0 buckler (worn)
 e - a +0 helmet (worn)
 i - a +0 chain mail (worn)
Scrolls
 j - a scroll of magic mapping
 k - a scroll of enchant weapon
 l - a scroll of identify
 n - a scroll of torment {unknown}
Potions
 b - a potion of flight
 d - 2 potions of cancellation {unknown}
 g - a potion of resistance
 h - 2 potions of heal wounds
 m - a potion of lignification {unknown}
 o - a potion of ambrosia {unknown}


   Skills:
 + Level 6.1 Fighting
 + Level 5.0 Maces & Flails
 + Level 6.1 Armour
 - Level 4.0 Shields


You had 6 spell levels left.
You didn't know any spells.
Your spell library contained the following spells:

 Spells                   Type           Power      Damage    Failure   Level
 Wereblood                Tmut           0%         N/A       99%         2
 Summon Hydra             Summ           0%         N/A       100%        7
 Sublimation of Blood     Necr           Unusable   N/A       N/A         2

Dungeon Overview and Level Annotations

Branches:
Dungeon (4/15)
 Temple: D:4-7

Altars:
Fedhas
The Shining One

Annotations:
D:4 Dowan


Innate Abilities, Weirdness & Mutations

You are immune to sickness and miasma.
Your stone body is resilient. (AC +4)
You are immune to poison.
You resist negative energy. (rN+)
You are resistant to electric shocks. (rElec)
You are resistant to unholy torment.
You are immune to petrification.


Message History

Duvessa hits you with a +0 short sword.
Dowan points at Duvessa and mumbles some strange words.
Duvessa seems to speed up.
You barely miss Duvessa.
Duvessa is almost dead.
Duvessa hits you but does no damage. Dowan hits you but does no damage.
Duvessa hits you but does no damage.
You closely miss Duvessa.
Duvessa is almost dead.
Duvessa barely misses you.
Dowan says, "Stay away from my face!"
Dowan mumbles some strange words.
Dowan blinks!
Duvessa hits you but does no damage.
You closely miss Duvessa.
Duvessa is almost dead.
Duvessa hits you with a +0 short sword.
Unknown command.
You hit Duvessa but do no damage.
Duvessa is severely wounded.
Duvessa hits you but does no damage. x2
Dowan points at you and mumbles some strange words.
The puff of flame hits you but does no damage.
You sock Duvessa!
You kill Duvessa!
Dowan's eyes darken. "You have made a black mistake."
Dowan seems to find hidden reserves of power!
Dowan hits you with a +0 dagger. Dowan hits you but does no damage.
Your Fighting skill increases to level 6!
Your Maces & Flails skill increases to level 5!
Your Armour skill increases to level 6!
Dowan closely misses you. Dowan hits you but does no damage.
Dowan points at you and mumbles some strange words.
The shard of ice hits you. Dowan gestures at you while chanting.
The stone arrow hits you!
* * * LOW HITPOINT WARNING * * *
Dowan casts a spell at you. The stone arrow hits you!
You die...

##########
.........################
.........#..............#
.........#..............#
.........#..............#
.(.......#..............#
.........##'####........#
...............#@.......#
.########......#........#
.# #......#...##'### .#
#......#.e.##...# .#
+......#........# .#
#......#......).# .#
#......#........# .#
#......#...##...# .#
#......#...##...#


You could see Dowan (fast).

Vanquished Creatures
  Duvessa (D:4)
  A necrophage (D:4)
  An ogre (D:3)
  4 wights
  A jelly (D:3)
  An iguana (D:4)
  Jessica (D:3)
  Terence (D:2)
  A hound skeleton (D:4)
  3 gnolls (D:4)
  9 adders
  4 worms
  3 dart slugs (D:2)
  2 orcs (D:3)
  11 ball pythons
  5 bats
  7 endoplasms
  2 giant cockroaches
  7 goblins
  6 hobgoblins
  6 quokkas
  5 frilled lizards
  4 kobolds
  7 rats
93 creatures vanquished.

Vanquished Creatures (others)
  5 plants (D:1)
5 creatures vanquished.

Grand Total: 98 creatures vanquished

Notes
Turn   | Place    | Note
-------+----------+-------------------------------------------
     0 | D:1      | speeev33 the Gargoyle Fighter began the quest for the Orb.
     0 | D:1      | Reached XP level 1. HP: 14/14 MP: 1/1
   304 | D:1      | Reached XP level 2. HP: 19/19 MP: 2/2
   433 | D:1      | Found a faded altar of an unknown god.
   981 | D:1      | Reached XP level 3. HP: 23/23 MP: 3/3
  1465 | D:2      | Reached XP level 4. HP: 29/29 MP: 4/4
  1795 | D:2      | Noticed Terence
  1803 | D:2      | Killed Terence
  1804 | D:2      | Reached XP level 5. HP: 28/33 MP: 5/5
  1925 | D:2      | Found a blossoming altar of Fedhas.
  2341 | D:3      | Noticed Jessica
  2345 | D:3      | Killed Jessica
  2358 | D:3      | Found a glowing golden altar of the Shining One.
  2861 | D:3      | Noticed an ogre
  2869 | D:3      | Killed an ogre
  2870 | D:3      | Reached XP level 6. HP: 17/40 MP: 6/6
  3541 | D:4      | Reached skill level 5 in Fighting
  3541 | D:4      | Reached skill level 5 in Armour
  3552 | D:3      | HP: 2/40 [wight (5)]
  3859 | D:3      | Reached XP level 7. HP: 28/44 MP: 7/7
  4993 | D:4      | Noticed Duvessa
  4993 | D:4      | Noticed Dowan
  5007 | D:4      | Killed Duvessa
  5008 | D:4      | Reached skill level 5 in Maces & Flails
  5013 | D:4      | HP: 2/46 [Dowan/stone arrow (14)]
  5016 | D:4      | Killed from afar by Dowan

Illustrated notes

Levels and vault maps discovered:
D:1:      dpeg_arrival_round_a, layout_loops_ring, serial_forest,
          infiniplex_forest_lined_room_3, infiniplex_forest_corner_1,
          infiniplex_forest_straight_2, infiniplex_forest_end_1,
          infiniplex_forest_straight_3, infiniplex_forest_clump_small,
          infiniplex_forest_clump_tiny, infiniplex_forest_lined_1,
          infiniplex_forest_clump_medium, hellmonk_ecumenical_altar_crossroads
D:2:      layout_loops_ring, basic_altar, corexii_hall_statues_t,
          patterned_corridor, uniq_terence
D:3:      layout_basic, tso_metal_star, uniq_jessica
D:4:      layout_gridville, uniq_duvessa

Skill      XL: |  1  2  3  4  5  6  7 |
---------------+----------------------+-----
Shields        | 4 |  4.0
Armour         | 4 5 6 |  6.1
Fighting       | 4 5 6 |  6.1
Maces & Flails | 3 4 5 |  5.0

Action                   |  1- 3 |  4- 6 |  7- 9 || total
-------------------------+-------+-------+-------++-------
Melee: Flail             |   130 |   189 |    79 ||   398
Throw: Throwing net      |       |     1 |       ||     1
  Use: Scroll            |     1 |     6 |       ||     7
       Potion            |       |     2 |       ||     2
Armor: Scale mail        |    90 |    36 |       ||   126
       Chain mail        |       |    90 |    49 ||   139
Dodge: Dodged            |    82 |    82 |    26 ||   190
Block: Buckler           |    32 |    55 |    17 ||   104

Table legend: (Time is in decaauts)
 A = Elapsed time spent in this place.
 B = Non-inter-level travel time spent in this place.
 C = Inter-level travel time spent in this place.
 D = Time resting spent in this place.
 E = Time spent auto-exploring this place.
 F = Levels seen in this place.
 G = Mean time per level.
                   A        B        C        D        E       F      G
               +--------+--------+--------+--------+--------+-----+--------+
         Total |   5117 |   5011 |    106 |   1345 |   2727 |   4 | 1279.2 |
       Dungeon |   5117 |   5011 |    106 |   1345 |   2727 |   4 | 1279.2 |
               +--------+--------+--------+--------+--------+-----+--------+

Top non-repeatable levels by time:
     D:3: 1818 daAuts
     D:2: 1224 daAuts
     D:1: 1160 daAuts
     D:4: 915 daAuts
